 Dungeon Crawl Stone Soup version 0.28-a0-1038-g9c4cb8273d (webtiles) character file.

Game seed: 6182842088255236807

37 ryw the Chiller (level 3, 0/19 HPs)
             Began as a Kobold Ice Elementalist on Dec 9, 2021.
             Slain by a scorpion (8 damage)
             ... on level 1 of the Dungeon.
             The game lasted 00:05:51 (1496 turns).

ryw the Chiller (Kobold Ice Elementalist)           Turns: 1496, Time: 00:05:51

Health: 0/19       AC:  2    Str:  5    XL:     3   Next: 60%
Magic:  0/6        EV: 15    Int: 18    God:
Gold:   43         SH:  0    Dex: 15    Spells: 0/7 levels left

rFire   + . .      SeeInvis .   c - +0 short sword
rCold   + . .      Faith    .   (shield restricted)
rNeg    . . .      Spirit   .   a - +0 robe
rPois   +          Reflect  .   (no helmet)
rElec   +          Harm     .   (no cloak)
rCorr   +          Rampage  .   (no gloves)
Will    .....                   (no boots)
Stlth   +++.......              (no amulet)
HPRegen 0.06/turn               (no ring)
MPRegen 0.10/turn               (no ring)

@: resistant, attractive, very slightly contaminated
A: small, no large weapons, nightstalker 3
a: no special abilities


You were on level 1 of the Dungeon.
You visited 1 branch of the dungeon, and saw 2 of its levels.

You collected 43 gold pieces.

Inventory:

Hand Weapons
 c - a +0 short sword (weapon)
Armour
 a - a +0 robe (worn)
Potions
 b - a potion of curing


   Skills:
 + Level 0.0 Fighting
 + Level 0.1 Short Blades
 - Level 2.4 Dodging
 - Level 2.6 Stealth
 + Level 2.6 Spellcasting
 * Level 4.8 Ice Magic


You couldn't memorise any spells.
You knew the following spells:

 Your Spells              Type           Power      Damage    Failure   Level
a - Freeze                Ice            76%        1d9       2%          1
b - Frozen Ramparts       Ice            38%        1d5       7%          3
c - Ozocubu's Armour      Ice            19%        N/A       7%          3

Your spell library contained the following spells:

 Spells                   Type           Power      Damage    Failure   Level
 Blink                    Tloc           4%         N/A       26%         2
 Lesser Beckoning         Tloc           2%         N/A       45%         3
 Hailstorm                Conj/Ice       11%        3d5       52%         4
 Manifold Assault         Tloc           2%         N/A       99%         5


Dungeon Overview and Level Annotations

Branches:
Dungeon (2/15)

Altars:

Shops:
D:1 ?


Innate Abilities, Weirdness & Mutations

You are small and have problems with some larger weapons.
You are completely attuned to the shadows.


Message History

Casting: Freeze (safe; 2% risk of failure)
Confirm with . or Enter, or press ? or * to list all spells.
You don't have enough magic to cast this spell.
It was a potion of attraction.
You feel attractive to monsters.
You feel very sick. The scorpion stings you.
* * * LOW HITPOINT WARNING * * *
It was a potion of curing.
You feel better.
The scorpion stings you but does no damage.
The scorpion barely misses you.
Casting: Freeze (safe; 2% risk of failure)
Confirm with . or Enter, or press ? or * to list all spells.
Okay, then.
Casting: Freeze (safe; 2% risk of failure)
Confirm with . or Enter, or press ? or * to list all spells.
The spell is extremely dangerous to miscast (7% risk of failure)!
Continue anyway?
Casting: Frozen Ramparts (extremely dangerous; 7% risk of failure)
Press: ? - help, Dir - look around, f - activate You miscast Frozen Ramparts.
You are very lightly contaminated with residual magic.
Nothing appears to happen.
The scorpion closely misses you.
You aren't carrying any scrolls.
Unknown command.
It was a potion of resistance.
You feel protected. The scorpion closely misses you.
You barely miss the scorpion.
The scorpion is heavily wounded.
The scorpion stings you. The scorpion closely misses you.
You hit the scorpion but do no damage.
The scorpion is heavily wounded.
The scorpion barely misses you.
You hit the scorpion but do no damage.
The scorpion is heavily wounded.
The scorpion misses you.
You hit the scorpion but do no damage.
The scorpion is heavily wounded.
The scorpion stings you. The scorpion stings you!
You die...

#.# #..#.......#.......#.#.#.##
#.#####..###.#####.......#.#.#.##
#............#######+#####+#...##
#######..###......##.##.....#####
# #...............##.##..........
# #...............##.##..........
#...............##.#####'######
#..........#######.#####......#
#.........>..s@................
#.........########.#########.##
#.........# ####.#####.......
###.........#####........#.......
>...............#########........
###########.....#..#..#..)#######
#.....#8.'..#...# ####
#.....#8.#..#.#.# #...
#.....####.####)# #.##


You could see a scorpion.

Vanquished Creatures
  A dart slug (D:1)
  5 bats
  2 endoplasms (D:1)
  A hobgoblin (D:1)
  4 jackals (D:1)
  2 quokkas (D:1)
  6 ball pythons
  3 frilled lizards (D:1)
  4 goblins (D:1)
  3 kobolds (D:1)
  2 rats (D:1)
33 creatures vanquished.

Notes
Turn   | Place    | Note
-------+----------+-------------------------------------------
     0 | D:1      | ryw the Kobold Ice Elementalist began the quest for the
                  | Orb.
     0 | D:1      | Reached XP level 1. HP: 10/10 MP: 3/3
   382 | D:1      | Reached XP level 2. HP: 15/15 MP: 0/5
   576 | D:1      | Found a faded altar of an unknown god.
   806 | D:1      | Reached XP level 3. HP: 17/19 MP: 3/6
   815 | D:1      | Learned a level 3 spell: Frozen Ramparts
  1082 | D:1      | Found Ucwoafaige's Magic Scroll Boutique.
  1433 | D:1      | Learned a level 3 spell: Ozocubu's Armour
  1465 | D:2      | Noticed a scorpion
  1496 | D:1      | Slain by a scorpion

Illustrated notes

Levels and vault maps discovered:
D:1:      shiori_arrival_oz, layout_basic, serial_shops,
          nicolae_shop_advertising_works [nicolae_subvault_shop_adworks],
          shapermc_ecumenical_altar_mp_vishouse, hex_large
D:2:      cheibrodos_pilgrimage, layout_rooms, minmay_misc_feat_four_crosses,
          minmay_tree_intersection, hex_medium

Action                   || total
-------------------------++-------
Melee: Short sword       ||    22
       Unarmed           ||     2
 Cast: Freeze            ||    39
       Frozen Ramparts   ||     1
  Use: Potion            ||     3
       Scroll            ||     1
 Stab: Sleeping          ||     9
Armor: Robe              ||    10
Dodge: Dodged            ||    36

Table legend: (Time is in decaauts)
 A = Elapsed time spent in this place.
 B = Non-inter-level travel time spent in this place.
 C = Inter-level travel time spent in this place.
 D = Time resting spent in this place.
 E = Time spent auto-exploring this place.
 F = Levels seen in this place.
 G = Mean time per level.
                   A        B        C        D        E       F      G
               +--------+--------+--------+--------+--------+-----+--------+
         Total |   1497 |   1457 |     40 |    415 |    743 |   2 |  748.5 |
       Dungeon |   1497 |   1457 |     40 |    415 |    743 |   2 |  748.5 |
               +--------+--------+--------+--------+--------+-----+--------+

Top non-repeatable levels by time:
     D:1: 1452 daAuts
     D:2: 45 daAuts
